 Dungeon Crawl Stone Soup version 0.30.0-30-g96aa6591b8 (webtiles) character file.

Game seed: 14001577157955642508

135 Ayven the Covert (level 4, -1/26 HPs)
             Began as a Vampire Brigand on June 27, 2023.
             Slain by a hound (6 damage)
             ... on level 4 of the Dungeon.
             The game lasted 00:12:16 (2729 turns).

Ayven the Covert (Vampire Brigand)                  Turns: 2729, Time: 00:12:16

Health: -1/26      AC:  0    Str:  8 (10) XL:     4   Next: 96%
Magic:  4/4        EV: 18    Int: 11 (13) God:
Gold:   142        SH:  0    Dex: 20 (22) Spells: 1/3 levels left

rFire   . . .        a - melded +2 dagger
rCold   + + .        (shield currently unavailable)
rNeg    + + +        b - melded +0 robe
rPois   ∞            (helmet currently unavailable)
rElec   .            c - melded +0 cloak
rCorr   .            (gloves currently unavailable)
SInv    +            (boots currently unavailable)
Will    .....        (no amulet)
Stlth   ++++++       (ring currently unavailable)
HPRegen 0.00/turn    (ring currently unavailable)
MPRegen 0.09/turn

%: no passive effects
@: bat-form, flying, bloodless, inhibited regen, very quick
A: fast, flying, no casting, tiny, bloodless, fangs 3, see invisible, vampiric 2
a: Revivify, End Transformation


You were on level 4 of the Dungeon.
You were a vampire bat.
You visited 1 branch of the dungeon, and saw 4 of its levels.

You collected 142 gold pieces.

Inventory:

Hand Weapons
 a - a +2 dagger (melded)
Missiles
 d - 12 poisoned darts (quivered)
 q - 4 curare-tipped darts
Armour
 b - a +0 robe (melded)
 c - a +0 cloak (melded)
Magical Staves
 p - a staff of earth
Scrolls
 f - 5 scrolls of fear {unknown}
 h - a scroll of torment {unknown}
 l - a scroll of fog {unknown}
 m - a scroll of poison {unknown}
 n - 4 scrolls of teleportation {unknown}
 o - a scroll of enchant armour {unknown}
 r - 2 scrolls of identify {unknown}
 s - 2 scrolls of immolation {unknown}
 t - a scroll of silence {unknown}
Potions
 e - 2 potions of brilliance {unknown}
 g - 2 potions of lignification {unknown}
 i - 2 potions of haste {unknown}
 j - a potion of attraction {unknown}
 k - 3 potions of curing {unknown}
 u - a potion of heal wounds {unknown}
 v - a potion of degeneration {unknown}


   Skills:
 - Level 2.0 Fighting
 - Level 2.3 Short Blades
 - Level 1.8 Throwing
 - Level 1.2 Dodging
 + Level 9.1 Stealth


You had one spell level left.
You knew the following spells:

 Your Spells              Type           Power      Damage    Failure   Level
a - Ensorcelled Hibernat  Hex/Ice        0%         N/A       47%         2

Your spell library contained the following spells:

 Spells                   Type           Power      Damage    Failure   Level
 Dazzling Flash           Conj/Hex       0%         N/A       71%         3
 Volatile Blastmotes      Fire/Tloc      0%         2d10      71%         3
 Flame Wave               Conj/Fire      0%         2d4       98%         4


Dungeon Overview and Level Annotations

Branches:
Dungeon (4/15)
 Temple: D:4-7

Altars:
Wu Jian

Shops:
D:1 *


Innate Abilities, Weirdness & Mutations

You are a vampire bat.
You are tiny and dextrous.
You move quickly.
You are flying.
You are immune to poison.
Your equipment is almost entirely melded.
You are incapable of wielding weapons or throwing items.
You cannot cast spells.
You do not regenerate when monsters are visible.
You are frail without blood (-20% HP).
You can heal yourself when you bite living creatures.
You are immune to poison.
You have razor-sharp teeth.
You have supernaturally acute eyesight. (SInv)
You are afflicted with vampirism and can become a bat while bloodless.


Message History

The hound bites you. The hound closely misses you.
You hit the hound but do no damage.
The hound is lightly wounded.
The hound closely misses you.
You hit the hound but do no damage.
The hound is lightly wounded.
The hound pauses to sniff the ground.
The hound bites you. The hound completely misses you.
You hit the hound but do no damage.
The hound is lightly wounded.
The hound closely misses you.
You hit the hound but do no damage.
The hound is lightly wounded.
The hound barely misses you. The hound misses you.
You hit the hound but do no damage.
The hound is lightly wounded.
The hound bites you. The hound barely misses you.
There is a stone staircase leading up here.
The hound bites you.
You fly upwards.
There is a stone staircase leading down here.
The hound misses you. The hound closely misses you.
There is a stone staircase leading down here.
The hound closely misses you. x2
You fly downwards.
Found an emerald ring.
There is a stone staircase leading up here.
An orc comes into view. It is wielding a +0 club.
Found a scroll labelled AWIHAK YCEUPI.
The hound misses you.
An orc comes into view. It is wielding a +1 dagger of venom.
Found 10 gold pieces.
Found a stone staircase leading down.
The hound closely misses you.
The orc shouts!
You reach down and open the door.
The hound bites you.
* * * LOW HITPOINT WARNING * * *
There is an open door here.
You reach down and open the door.
The hound bites you.
You die...

### ..# #.# #.# ##+##
#.# ##...## #.#
##.....## ##.##
##.......##
....####.........####...
.......'.......hb'......
....####.........####...
#..## ##.......## #.##
##.....## #.# ##...##
#.# ##+## #.#


You could see a hound.

Vanquished Creatures
  Jessica (D:3)
  3 gnolls
  2 adders (D:3)
  3 dart slugs
  A worm (D:2)
  An orc (D:3)
  A bat (D:1)
  4 endoplasms
  A giant cockroach (D:1)
  A hobgoblin (D:2)
  4 jackals (D:2)
  9 kobolds
  A quokka (D:1)
  6 ball pythons
  9 goblins
  6 rats (D:1)
53 creatures vanquished.

Notes
Turn   | Place    | Note
-------+----------+-------------------------------------------
     0 | D:1      | Ayven the Vampire Brigand began the quest for the Orb.
     0 | D:1      | Reached XP level 1. HP: 16/16 MP: 1/1
    53 | D:1      | Found Vilef's Assorted Antiques.
   104 | D:1      | Reached skill level 6 in Stealth
   269 | D:1      | Reached XP level 2. HP: 22/22 MP: 2/2
  1158 | D:2      | Gained mutation: You are afflicted with vampirism and can
                  | become a bat while bloodless. [Vampire growth]
  1158 | D:2      | Reached XP level 3. HP: 15/27 MP: 3/3
  1306 | D:2      | Reached skill level 7 in Stealth
  1707 | D:2      | Got the Almanac of the Dragon and Jinxing
  1713 | D:2      | Learned a level 2 spell: Ensorcelled Hibernation
  1811 | D:3      | Noticed Jessica
  1816 | D:3      | Killed Jessica
  1839 | D:3      | Reached skill level 8 in Stealth
  1839 | D:3      | Reached XP level 4. HP: 33/33 MP: 4/4
  2291 | D:3      | Reached skill level 9 in Stealth
  2612 | D:3      | Found an ornate altar of the Wu Jian Council.
  2729 | D:4      | Slain by a hound

Illustrated notes

Levels and vault maps discovered:
D:1:      dpeg_arrival_concentric_ovals, layout_basic, serial_shops,
          nicolae_shop_overgrown_old_shop, chequers_serial_rivers_marsh,
          chequers_serial_rivers_large_b
D:2:      layout_basic
D:3:      layout_rooms, mainiacjoe_overflow_six_doors_small, uniq_jessica,
          uniq_crazy_yiuf_cottage
D:4:      layout_loops_corners, minmay_misc_feat_rows

Skill      XL: |  1  2  3  4 |
---------------+-------------+-----
Stealth        | 6 8 9 |  9.1
Fighting       | 2 |  2.0
Short Blades   | |  2.3
Throwing       | |  1.8
Dodging        | |  1.2

Action                     |  1- 3 |  4- 6 || total
---------------------------+-------+-------++-------
  Melee: Dagger            |    98 |    39 ||   137
         Bite              |    11 |     4 ||    15
         Punch             |     1 |     1 ||     2
         Unarmed           |       |     8 ||     8
  Throw: Dart              |    18 |    50 ||    68
Ability: Bat Form          |       |     1 ||     1
         Exsanguinate      |       |     1 ||     1
   Stab: Sleeping          |     3 |     1 ||     4
 Armour: Robe              |    22 |    10 ||    32
  Dodge: Dodged            |    58 |    39 ||    97
